 Dungeon Crawl Stone Soup version 0.20.1-1-g8b1a95d (webtiles) character file.

2359 Feta the Fighter (level 9, -2/135 HPs)
             Began as an Ogre Hunter on Nov 11, 2017.
             Slain by a killer bee (4 damage)
             ... on level 6 of the Dungeon.
             The game lasted 00:12:34 (5058 turns).

Feta the Fighter (Ogre Hunter)                      Turns: 5058, Time: 00:12:35

Health: -2/135     AC: 24    Str: 23    XL:     9   Next: 44%
Magic:  9/9        EV:  1    Int: 12    God:
Gold:   98         SH:  0    Dex:  9    Spells: 8/8 levels left

rFire    . . .     SeeInvis .   d - +0 giant club
rCold    . . .     Gourm    .   (shield currently unavailable)
rNeg     + + +     Faith    .   (armour currently unavailable)
rPois    +         Spirit   .   (helmet currently unavailable)
rElec    .         Reflect  .   (cloak currently unavailable)
rCorr    .         Harm     .   (gloves unavailable)
MR       .....     NoTele   +   (boots unavailable)
Stlth    +.........             c - amulet of regeneration
Regen    0.8/turn               (no ring)
MPRegen  0.2/turn               (no ring)

@: lethally poisoned (-2 -> -5), tree-form, very slightly contaminated,
invisible
A: unfitting armour, frail 1, strong 1
a: no special abilities


You were on level 6 of the Dungeon.
You were hungry.
You were a tree.
You visited 1 branch of the dungeon, and saw 7 of its levels.

You collected 357 gold pieces.
You spent 259 gold pieces at shops.

Inventory:

Hand Weapons
 a - a +0 flail
 d - a +0 giant club (weapon)
Missiles
 b - 21 bolts
 e - 200 stones
 h - 4 javelins
 k - 2 throwing nets
 r - 201 arrows
 t - 11 poisoned needles
 E - 2 tomahawks
 G - 6 large rocks (quivered)
 I - 6 exploding tomahawks
Armour
 D - a +2 robe of positive energy (melded)
Jewellery
 c - an amulet of regeneration (around neck)
Wands
 l - a wand of random effects (27/48)
 w - a wand of flame (19/48)
 C - a wand of paralysis (11/24)
Scrolls
 g - a scroll of teleportation
 j - a scroll of identify
 q - 4 scrolls of enchant weapon {unknown}
 x - 3 scrolls of recharging {unknown}
 y - a scroll of fear {unknown}
 F - 2 scrolls of random uselessness {unknown}
Potions
 m - a potion of degeneration
 z - 2 potions of agility
 A - 2 potions of haste {unknown}
 B - a potion of brilliance {unknown}
 J - a potion of magic {unknown}
Comestibles
 f - 4 bread rations
 p - 2 meat rations
 s - 3 royal jellies
 H - a fruit


   Skills:
 + Level 9.8 Fighting
 + Level 6.2 Maces & Flails
 + Level 8.2 Throwing
 - Level 2.0 Dodging
 - Level 0.6 Stealth


You had 8 spell levels left.
You didn't know any spells.

Dungeon Overview and Level Annotations

Branches:
Dungeon (7/15)             Temple (0/1) D:7

Altars:

Shops:
D:4 }   D:6 }*[%


Innate Abilities, Weirdness & Mutations

You are too large for most types of armour.
((You have tough skin. (AC +1)))
((Your flesh is cold resistant. (rC+)))
You are frail. (-10% HP)
Your muscles are strong. (Str +2)


Message History

The killer bee stings you but does no damage. x2
The killer bee stings you.
* * * LOW HITPOINT WARNING * * *
The killer bee stings you but does no damage.
You are very lightly contaminated with residual magic.
Okay, then.
As you read the scroll labeled AGROASY TULIATZ, it crumbles to dust.
You feel a strange sense of stasis.
It was a scroll of teleportation.
You feel sick.
The killer bee stings you but does no damage. x2
The killer bee stings you.
* * * LOW HITPOINT WARNING * * *
You are lethally poisoned!
The killer bee poisons you!
The killer bee stings you but does no damage.
As you read the scroll labeled AWIMUSHR KYADOA, it crumbles to dust.
You feel blessed for a moment.
It was a scroll of remove curse.
* * * LOW HITPOINT WARNING * * *
You feel sick. The killer bee stings you.
You die...

................# #....
.###..######.##.########### #..##
.# #..## #).............# #..# .#
#...# ##.##.#########.# #..# .#
##..# ##...#.## ###.###..## .#
#..###.###...## #.......... .#
#......##.....## #.#.###..## .#
##.###.#...y...####.#.##...##
.#####.####.....♣......#..##..###
................y..####.#.##..###
####...######.....## #.#.##..##.
#.### ##...## #.#....∩.∩. #.#
##.## #.#.##...). #.# ###
#.#....∩.∩. #.# #.......### #.#
#........## #.# #........##


You could see 2 killer bees.

Vanquished Creatures
  The ghost of Meenos the Cleaver, a novice HOFi of Beogh (D:6)
  The ghost of ThereIsNoGod the Ruffian, an amateur TrFi (D:5)
  A hippogriff (D:5)
  A water moccasin (D:5)
  2 ogres (D:5)
  5 centaurs
  A bullfrog (D:6)
  2 scorpions (D:4)
  3 crimson imps
  A bullfrog skeleton (D:4)
  A hound (D:4)
  2 orc priests
  4 orc wizards
  An iguana (D:6)
  Natasha (thrice) (D:4)
  A worker ant (D:4)
  2 hound skeletons
  9 gnolls
  4 adders
  3 oozes
  2 adder skeletons
  A worm (D:2)
  A dart slug (D:1)
  9 leopard geckos
  14 orcs
  A ball python (D:3)
  7 giant cockroaches
  5 hobgoblins
  10 jackals
  8 kobolds
  8 bats
  4 frilled lizards
  A giant cockroach zombie (D:5)
  5 goblins
  2 leopard gecko skeletons
  7 rats
133 creatures vanquished.

Notes
Turn   | Place    | Note
-------+----------+-------------------------------------------
     0 | D:1      | Feta the Ogre Hunter began the quest for the Orb.
     0 | D:1      | Reached XP level 1. HP: 22/22 MP: 1/1
    72 | D:1      | Reached skill level 3 in Fighting
    72 | D:1      | Reached XP level 2. HP: 21/31 MP: 2/2
    94 | D:1      | HP: 1/31 [hobgoblin/club (4)]
   815 | D:1      | Reached XP level 3. HP: 32/37 MP: 3/3
   991 | D:2      | Reached skill level 1 in Maces & Flails
  1189 | D:2      | Reached XP level 4. HP: 45/48 MP: 4/4
  1420 | D:2      | Reached skill level 4 in Fighting
  1778 | D:3      | Reached XP level 5. HP: 55/55 MP: 5/5
  1784 | D:3      | Reached skill level 5 in Throwing
  1967 | D:3      | Reached skill level 5 in Fighting
  2089 | D:4      | Reached XP level 6. HP: 66/66 MP: 6/6
  2275 | D:4      | Noticed Natasha
  2277 | D:4      | Killed Natasha
  2312 | D:4      | Noticed Natasha
  2313 | D:4      | Killed Natasha
  2431 | D:4      | Found Ymeocsoisk's Gadget Boutique.
  2493 | D:4      | Noticed Natasha
  2500 | D:4      | Killed Natasha
  2621 | D:4      | Reached skill level 6 in Fighting
  2621 | D:4      | Reached XP level 7. HP: 72/75 MP: 7/7
  3156 | D:5      | Entered Level 5 of the Dungeon
  3406 | D:5      | Reached skill level 7 in Fighting
  3415 | D:5      | Reached XP level 8. HP: 87/87 MP: 8/8
  3788 | D:5      | Noticed a hippogriff
  3790 | D:5      | Killed a hippogriff
  3790 | D:5      | Reached skill level 8 in Fighting
  4030 | D:5      | Reached skill level 5 in Maces & Flails
  4175 | D:5      | Noticed ThereIsNoGod's ghost (amateur TrFi)
  4178 | D:5      | Gained mutation: Your flesh is cold resistant. (rC+) [potion of mutation]
  4178 | D:5      | Gained mutation: You are frail. (-10% HP) [potion of mutation]
  4178 | D:5      | Gained mutation: Your muscles are strong. (Str +2) [potion of mutation]
  4185 | D:5      | Killed ThereIsNoGod's ghost
  4185 | D:5      | Reached XP level 9. HP: 87/87 MP: 9/9
  4268 | D:6      | Reached skill level 9 in Fighting
  4305 | D:6      | Found Raotod's Armour Boutique.
  4339 | D:6      | Bought a +2 robe of positive energy for 161 gold pieces
  4434 | D:6      | Noticed Meenos's ghost (novice HOFi)
  4448 | D:6      | Killed Meenos's ghost
  4562 | D:6      | Found Suwaosche's Gadget Shoppe.
  4567 | D:6      | Found Amnymauc's Assorted Antiques.
  4582 | D:6      | Bought a sapphire potion for 23 gold pieces
  4582 | D:6      | Bought a fuming black potion for 23 gold pieces
  4582 | D:6      | Bought a scroll labeled OMESMUI KISIRCH for 26 gold pieces
  4582 | D:6      | Bought a scroll labeled GEOTIE PORYALY for 26 gold pieces
  4774 | D:6      | Found Deag's Food Boutique.
  5028 | D:7      | Found a staircase to the Ecumenical Temple.
  5057 | D:6      | HP: 3/135 [killer bee (4)]
  5058 | D:6      | Slain by a killer bee

Skill      XL: |  1  2  3  4  5  6  7  8  9 |
---------------+----------------------------+-----
Dodging        | 2 |  2.0
Fighting       | 3 4 5 6 7 8 9 |  9.8
Maces & Flails | 1 2 3 4 5 6 |  6.2
Throwing       | 5 6 7 8 |  8.2
Stealth        | |  0.6

Action                   |  1- 3 |  4- 6 |  7- 9 || total
-------------------------+-------+-------+-------++-------
Melee: Short sword       |     9 |       |       ||     9
       Mace              |   133 |    95 |     8 ||   236
       Flail             |       |       |    61 ||    61
       Giant club        |       |       |    95 ||    95
Throw: Large rock        |    11 |    38 |    27 ||    76
       Stone             |       |     4 |       ||     4
       Throwing net      |       |     2 |       ||     2
       Javelin           |       |       |    13 ||    13
  Use: Potion            |       |       |     9 ||     9
       Scroll            |       |       |     7 ||     7
 Stab: Sleeping          |     2 |     1 |     1 ||     4
  Eat: Chunk             |     1 |     5 |     7 ||    13
Armor: Robe              |    63 |    23 |    43 ||   129
       Skin              |       |       |    81 ||    81
Dodge: Dodged            |    97 |    60 |   100 ||   257
